 Dungeon Crawl Stone Soup version 0.29.1-1-gd02db6906a (webtiles) character file.

Game seed: 9037884611565553928

81 porpoise the Trooper (level 4, 0/37 HPs)
             Began as a Formicid Abyssal Knight on Oct 9, 2022.
             Was a Priest of Lugonu.
             Slain by a gnoll
             ... wielding a +0 club
              (2 damage)
             ... on level 2 of the Dungeon.
             The game lasted 00:05:17 (1906 turns).

porpoise the Trooper (Formicid Abyssal Knight)      Turns: 1906, Time: 00:05:17

Health: 0/37       AC:  3    Str: 19    XL:     4   Next: 67%
Magic:  5/5        EV: 11    Int: 10    God:    Lugonu [***...]
Gold:   21         SH:  0    Dex: 14    Spells: 3/3 levels left

rFire   . . .      SeeInvis +   a - +1 spear
rCold   . . .      Faith    .   (no shield)
rNeg    . . .      Spirit   .   b - +0 leather armour
rPois   .          Reflect  .   (helmet unavailable)
rElec   .          Harm     .   (no cloak)
rCorr   .          Rampage  .   (no gloves)
Will    .....                   (no boots)
Stlth   +.........              (no amulet)
HPRegen 0.12/turn               (no ring)
MPRegen 0.09/turn               (no ring)

@: no status effects
A: permanent stasis, dig shafts and tunnels, antennae 3, four strong arms
a: Dig, Shaft Self, Renounce Religion, Depart the Abyss, Bend Space, Banish


You were on level 2 of the Dungeon.
You worshipped Lugonu.
Lugonu was most pleased with you.
You visited 1 branch of the dungeon, and saw 2 of its levels.
You visited the Abyss 1 time.

You collected 21 gold pieces.

Inventory:

Hand Weapons
 a - a +1 spear (weapon)
 g - a +5 dagger
Armour
 b - a +0 leather armour (worn)
Scrolls
 c - a scroll of torment {unknown}
 e - 2 scrolls of identify {unknown}
 f - a scroll of enchant weapon {unknown}
 h - a scroll of teleportation {unknown}
Potions
 i - a potion of heal wounds {unknown}
 j - a potion of invisibility {unknown}


   Skills:
 + Level 4.1 Fighting
 * Level 3.9 Polearms
 - Level 2.1 Armour
 - Level 0.8 Dodging
 - Level 2.1 Invocations


You had 3 spell levels left.
You didn't know any spells.
Your spell library contained the following spells:

 Spells                   Type           Power      Damage    Failure   Level
 Necrotise                Necr           0%         1d4       41%         1
 Vampiric Draining        Necr           0%         2d6       80%         3
 Agony                    Necr           0%         N/A       100%        5


Dungeon Overview and Level Annotations

Branches:
Dungeon (2/15)

Altars:


Innate Abilities, Weirdness & Mutations

You cannot be hasted, slowed, berserked, paralysed or teleported.
You can dig through walls and to a lower floor.
You have a pair of large antennae on your head. (SInv)
Your four strong arms can wield two-handed weapons with a shield.


Message History

You hit the gnoll.
The gnoll is heavily wounded.
The gnoll closely misses you.
You hit the gnoll.
The gnoll is severely wounded.
The gnoll hits you with a +0 spear.
You hit the gnoll but do no damage.
The gnoll is severely wounded.
The gnoll closely misses you.
You hit the gnoll.
You kill the gnoll!
Lugonu accepts your kill.
You can now banish your foes.
You hit the hobgoblin.
The hobgoblin is severely wounded.
The hobgoblin completely misses you.
You hit the hobgoblin.
You kill the hobgoblin!
Lugonu accepts your kill.
You barely miss the gnoll. The gnoll hits you with a +0 club.
You hit the gnoll but do no damage. The gnoll hits you with a +0 club.
* * * LOW HITPOINT WARNING * * *
You closely miss the gnoll. The gnoll misses you.
You hit the gnoll.
The gnoll is lightly wounded.
The gnoll hits you with a +0 club.
* * * LOW HITPOINT WARNING * * *
You hit the gnoll.
The gnoll is heavily wounded.
The gnoll barely misses you.
You hit the gnoll but do no damage.
The gnoll is heavily wounded.
The gnoll hits you but does no damage.
You hit the gnoll.
The gnoll is severely wounded.
The gnoll hits you with a +0 club!
* * * LOW HITPOINT WARNING * * *
You closely miss the gnoll.
The gnoll is severely wounded.
The gnoll hits you with a +0 club.
You die...

## ~# ♣# ~# #### ### ...
~.# ####.### ).######
#......#
.......###########......##
................@g.......>
.......###########......#.
.....<.# ♣......# .......#
.............# .......#
♣...g.♣......# ########
.......###.### ♣..g. ♣ ♣♣
# ..... . ♣.♣.


You could see a gnoll.

Vanquished Creatures
  3 gnolls (D:2)
  3 worms (D:2)
  4 endoplasms (D:1)
  3 goblins (D:1)
  5 hobgoblins
  4 jackals (D:1)
  10 kobolds
  A quokka (D:1)
  4 ball pythons (D:1)
  2 bats (D:1)
  A frilled lizard (D:2)
  2 rats (D:1)
42 creatures vanquished.

Vanquished Creatures (others)
  3 plants (D:2)
3 creatures vanquished.

Grand Total: 45 creatures vanquished

Notes
Turn   | Place    | Note
-------+----------+-------------------------------------------
     0 | Abyss:1  | porpoise the Formicid Abyssal Knight began the quest for
                  | the Orb.
     0 | Abyss:1  | Reached XP level 1. HP: 18/18 MP: 2/2
     1 | D:1      | Escaped the Abyss
   343 | D:1      | Reached XP level 2. HP: 24/24 MP: 3/3
   787 | D:1      | Reached XP level 3. HP: 30/30 MP: 4/4
  1868 | D:2      | Reached XP level 4. HP: 37/37 MP: 5/5
  1880 | D:2      | Reached skill level 4 in Fighting
  1896 | D:2      | Reached *** piety under Lugonu
  1906 | D:2      | Slain by a gnoll

Illustrated notes

Levels and vault maps discovered:
D:1:      nicolae_arrival_memento_mori, layout_basic, serial_co_window_serial,
          co_window_corner_a, co_window_corner_a, co_window_corner_a,
          co_window_paths_a, co_window_of_opportunity_a, co_window_corner_a,
          co_window_of_opportunity_a, co_window_corner_b, co_window_cross_3,
          co_window_unsneaky_path_a, co_window_2corner, glass_columns_a,
          glass_columns_b, glass_columns_a, lemuel_flame_loot_1
D:2:      layout_basic, basic_ecumenical_altar, serial_forest,
          infiniplex_forest_straight_2, infiniplex_forest_clump_diagonal,
          infiniplex_forest_lined_room_2, infiniplex_forest_lined_room_2,
          infiniplex_forest_lined_2, infiniplex_forest_end_1,
          chequers_serial_rivers_marsh, minmay_misc_feat_room,
          minmay_door_square

Skill      XL: |  1  2  3  4 |
---------------+-------------+-----
Polearms       | 3 |  3.9
Fighting       | 4 |  4.1
Armour         | |  2.1
Dodging        | |  0.8
Invocations    | |  2.1

Action                   |  1- 3 |  4- 6 || total
-------------------------+-------+-------++-------
Melee: Spear             |   153 |    26 ||   179
  Use: Potion            |       |     1 ||     1
 Stab: Sleeping          |     1 |       ||     1
Armor: Leather armour    |    29 |     1 ||    30
Dodge: Dodged            |    63 |    15 ||    78
